 Dungeon Crawl Stone Soup version 0.30.0-20-g3615ddf2f0 (webtiles) character file.

Game seed: 9798243669463099386

3805 qw the Cleaver (level 10, -6/63 HPs)
             Began as a Gargoyle Fighter on May 31, 2023.
             Was a Believer of Okawaru.
             Mangled by a tengu warrior
             ... wielding a +3 long sword
              (12 damage)
             ... on level 8 of the Dungeon.
             The game lasted 00:03:55 (8033 turns).

qw the Cleaver (Gargoyle Fighter)                   Turns: 8033, Time: 00:03:55

Health: -6/63      AC: 27    Str: 24    XL:     10   Next: 17%
Magic:  12/13      EV:  8    Int:  9    God:    Okawaru [**....]
Gold:   515        SH:  6    Dex:  9    Spells: 9/9 levels left

rFire   . . .        Y - +0 war axe
rCold   . . .        u - +0 buckler "Doyl" {Will+}
rNeg    + . .        c - +0 plate armour
rPois   inf          (no helmet)
rElec   +            (no cloak)
rCorr   .            (no gloves)
SInv    .            s - +0 pair of boots
Will    ++...        n - amulet of the acrobat Stlth
                     h - +4 ring of protection
HPRegen 0.30/turn    w - ring of willpower
MPRegen 0.13/turn

%: acrobat, clarity
@: about to teleport, heroic
A: sickness immunity, AC +7, negative energy resistance 1, electricity
resistance, torment resistance 1, petrification resistance, clarity
a: Renounce Religion, Heroism


You were on level 8 of the Dungeon.
You worshipped Okawaru.
Okawaru was pleased with you.
You visited 2 branches of the dungeon, and saw 9 of its levels.
You also visited: Ossuary.

You collected 737 gold pieces.
You spent 222 gold pieces at shops.


Innate Abilities, Weirdness & Mutations

You are immune to sickness and miasma.
Your stone body is resilient. (AC +7)
You are immune to poison.
You resist negative energy. (rN+)
You are resistant to electric shocks. (rElec)
You are resistant to unholy torment.
You are immune to petrification.
You possess an exceptional clarity of mind.


   Skills:
 + Level 7.5(12.5) Fighting
 - Level 10.0(15.0) Axes
 - Level 2.0(7.0) Throwing
 - Level 6.0(11.0) Armour
 - Level 1.1(6.1) Dodging
 - Level 4.2(9.2) Shields
 - Level 4.1 Invocations


You had 9 spell levels left.
You didn't know any spells.
Your spell library was empty.

Inventory:

Hand Weapons
 e - a +1 hand axe of flaming
 Y - a +0 war axe (weapon)
Missiles
 b - 4 boomerangs (quivered)
Armour
 c - a +0 plate armour (worn)
 s - a +0 pair of boots (worn)
 u - the +0 buckler "Doyl" (worn) {Will+}
   (You bought it in a shop on level 6 of the Dungeon)

   Will:      It increases your willpower.
Jewellery
 h - a +4 ring of protection (left hand)
 n - an amulet of the acrobat (around neck)
 t - a ring of positive energy
 v - a ring of fire
 w - a ring of willpower (right hand)
Scrolls
 i - a scroll of identify
 o - a scroll of teleportation
 p - a scroll of magic mapping {unknown}
 r - a scroll of fear {unknown}
Potions
 a - 2 potions of lignification
 d - 2 potions of might
 f - a potion of attraction
 g - a potion of heal wounds
 j - a potion of haste
 k - a potion of magic
 l - a potion of curing
 m - a potion of mutation

Dungeon Overview and Level Annotations

Branches:
Dungeon (8/15)             Temple (1/1) D:4         Ossuary (visited)
   Lair: D:8-11

Altars:
Cheibriados
Dithmenos
Elyvilon
Fedhas
Gozag
Hepliaklqana
Makhleb
Nemelex Xobeh
Okawaru
Qazlal
Ru
Uskayaw
Vehumet
Xom
Yredelemnul
The Shining One

Shops:
D:6 ([[[

Annotations:
D:8 1 runed translucent door


Message History

The tengu warrior claws you but does no damage.
You miss the tengu warrior.
The tengu warrior is lightly wounded.
You slash the tengu warrior!
The tengu warrior is heavily wounded.
The tengu warrior hits you with a +3 long sword.
The tengu warrior pecks you but does no damage.
You block the tengu warrior's attack.
You miss the tengu warrior.
The tengu warrior is heavily wounded.
The tengu warrior hits you but does no damage.
The tengu warrior barely misses you.
The tengu warrior claws you but does no damage.
The tengu warrior blocks your attack.
The tengu warrior is moderately wounded.
The tengu warrior hits you with a +3 long sword.
The tengu warrior pecks you but does no damage.
The tengu warrior claws you but does no damage.
You miss the tengu warrior.
The tengu warrior is moderately wounded.
The tengu warrior blocks your attack.
The tengu warrior is moderately wounded.
The tengu warrior hits you with a +3 long sword!
The tengu warrior closely misses you.
The tengu warrior completely misses you.
The tengu warrior blocks your attack.
The tengu warrior is moderately wounded.
The tengu warrior hits you with a +3 long sword!
The tengu warrior barely misses you.
The tengu warrior claws you but does no damage.
You slash the tengu warrior!
The tengu warrior is heavily wounded.
The tengu warrior hits you with a +3 long sword!
The tengu warrior closely misses you.
The tengu warrior claws you but does no damage.
8033 ||| READING 2 scrolls of teleportation.
As you read the scroll of teleportation, it crumbles to dust.
You feel strangely unstable.
The tengu warrior hits you with a +3 long sword!
You die...

#####................#
#.......######.......#
#.......# #.........#
#.......####.#.......#
#.......##...........#
#.......##.###.......#
##########.#3#.......#
#.#+#.......#
#......@....#
#####.Q)....#
#.......# .........#
..........#
..............
...............
...(...........


You could see a tengu warrior and a sixfirhy.

Vanquished Creatures
  A wyvern (D:7)
  A steam dragon (D:7)
  2 water moccasins
  3 orc warriors
  A sky beast (D:8)
  An ice beast (D:7)
  2 ogres (D:6)
  3 centaurs
  A phantom (D:5)
  An elf zombie (Ossuary)
  3 scorpions
  3 bullfrogs
  9 wights
  10 killer bees
  A centaur zombie (Ossuary)
  4 jellies
  A hound (D:5)
  3 orc priests
  A human zombie (Ossuary)
  2 sleepcaps
  3 iguanas
  11 orc wizards
  3 mummies
  4 gnolls (D:3)
  4 adders
  A white imp (D:5)
  2 ufetubi
  3 worms (D:2)
  3 dart slugs
  49 orcs
  8 endoplasms
  3 giant cockroaches
  4 gnoll zombies (Ossuary)
  8 goblins
  4 hobgoblins
  6 jackals
  6 quokkas
  7 ball pythons
  5 bats
  5 frilled lizards
  3 goblin zombies (Ossuary)
  4 hobgoblin zombies (Ossuary)
  14 kobolds
  5 rats
218 creatures vanquished.

Notes
Turn   | Place    | Note
-------+----------+-------------------------------------------
     0 | D:1      | qw the Gargoyle Fighter began the quest for the Orb.
     0 | D:1      | Reached XP level 1. HP: 14/14 MP: 1/1
     0 | D:1      | 0 ||| qw: Version: 0.2-a-102-gfc559e5
     0 | D:1      | 0 ||| qw: Game counter: 503
     0 | D:1      | 0 ||| qw: Always use a shield: true
     0 | D:1      | 0 ||| qw: God list: Okawaru
     0 | D:1      | 0 ||| qw: Allow faded altars: false
     0 | D:1      | 0 ||| qw: Do Orc after D:15 true
     0 | D:1      | 0 ||| qw: Do second Lair branch before Depths: true
     0 | D:1      | 0 ||| qw: Lair rune preference: random
     0 | D:1      | 0 ||| qw: Plans: Normal, Zot:1-4, Slime:5, God:TSO, Crypt,
                  | Tomb, Pan, Hells, Abyss, Win
     0 | D:1      | 0 ||| PLANNING D:1-11
    26 | D:1      | Reached skill level 2 in Axes
   143 | D:1      | Reached XP level 2. HP: 17/19 MP: 2/2
   373 | D:1      | Reached skill level 3 in Axes
   399 | D:1      | Reached XP level 3. HP: 23/23 MP: 3/3
   869 | D:1      | 869 ||| READING scroll labelled FAIL CIOWKULAI.
   870 | D:1      | 870 ||| READING scroll labelled FIELUR USIFOI.
   871 | D:1      | 871 ||| READING scroll labelled FIUHIO JADDYRPH.
   876 | D:1      | 876 ||| READING scroll labelled ITALECZ PUTSO.
   877 | D:1      | 877 ||| READING scroll labelled DEAMAOD MOKK.
   878 | D:1      | 878 ||| DRINKING 2 murky purple potions.
  1136 | D:2      | Reached XP level 4. HP: 28/28 MP: 4/4
  1223 | D:2      | Found a snail-covered altar of Cheibriados.
  1759 | D:2      | 1759 ||| UPGRADING to +4 ring of protection.
  1760 | D:2      | 1760 ||| READING scroll labelled LURPHE HE WUFIA.
  1761 | D:2      | 1761 ||| DRINKING 2 fuming ruby potions.
  1815 | D:3      | Reached skill level 4 in Axes
  2112 | D:3      | Reached XP level 5. HP: 32/32 MP: 5/5
  2235 | D:3      | 2235 ||| Stepping ~*~*~tactically~*~*~ (hiding).
  2237 | D:3      | 2237 ||| Stepping ~*~*~tactically~*~*~ (hiding).
  2258 | D:3      | Reached skill level 5 in Axes
  2287 | D:3      | 2287 ||| DROPPING +0 whip.
  2337 | D:3      | 2337 ||| UPGRADING to amulet of the acrobat.
  2342 | D:3      | 2342 ||| DRINKING 2 smoky golden potions.
  2425 | D:4      | 2425 ||| Stepping ~*~*~tactically~*~*~ (stealth).
  2432 | D:4      | 2432 ||| Stepping ~*~*~tactically~*~*~ (stealth).
  2443 | D:4      | 2443 ||| Stepping ~*~*~tactically~*~*~ (stealth).
  2652 | D:4      | 2652 ||| Stepping ~*~*~tactically~*~*~ (stealth).
  2653 | D:4      | 2653 ||| Stepping ~*~*~tactically~*~*~ (stealth).
  2947 | D:4      | Found a staircase to the Ecumenical Temple.
  2948 | D:4      | 2948 ||| PLANNING TEMPLE
  2948 | D:4      | 2948 ||| UPGRADING to ring of positive energy.
  2949 | D:4      | 2949 ||| DRINKING 2 glowing golden potions.
  2950 | D:4      | 2950 ||| DROPPING potion of invisibility.
  2957 | Temple   | Entered the Ecumenical Temple
  3043 | Temple   | 3043 ||| PLANNING OKAWARU WORSHIP
  3183 | Temple   | Became a worshipper of Warmaster Okawaru
  3183 | Temple   | 3183 ||| PLANNING D:1-11
  3254 | D:4      | Reached skill level 1 in Dodging
  3254 | D:4      | Reached XP level 6. HP: 33/38 MP: 6/6
  3555 | D:4      | 3555 ||| READING 3 scrolls labelled SONNURAO YPIRPH.
  3556 | D:4      | 3556 ||| READING 2 scrolls of identify.
  3556 | D:4      | 3556 ||| IDENTIFYING metallic ruby potion
  3557 | D:4      | 3557 ||| DROPPING potion of degeneration.
  3597 | D:5      | Entered Level 5 of the Dungeon
  3792 | D:5      | Identified the +8 long sword of Gese {venom, Int+3}
  3842 | D:5      | Reached skill level 1 in Throwing
  3844 | D:5      | 3844 ||| DROPPING +0 flail.
  3859 | D:5      | 3859 ||| Stepping ~*~*~tactically~*~*~ (hiding).
  4032 | D:5      | 4032 ||| Stepping ~*~*~tactically~*~*~ (stealth).
  4034 | D:5      | 4034 ||| Stepping ~*~*~tactically~*~*~ (hiding).
  4319 | D:5      | Reached skill level 6 in Axes
  4319 | D:5      | Reached XP level 7. HP: 40/43 MP: 7/7
  4432 | D:5      | 4432 ||| Stepping ~*~*~tactically~*~*~ (hiding).
  4447 | D:5      | Reached * piety under Okawaru
  4474 | D:5      | Reached skill level 1 in Invocations
  4612 | D:5      | Reached skill level 7 in Axes
  4615 | D:5      | 4615 ||| INVOKING Heroism.
  4626 | D:5      | Reached XP level 8. HP: 28/48 MP: 7/10
  4629 | D:5      | Reached skill level 3 in Invocations
  4762 | D:5      | 4762 ||| UPGRADING to +0 pair of boots.
  4767 | D:5      | 4767 ||| READING scroll labelled COLIDDA LEBI.
  4799 | D:5      | 4799 ||| READING 2 scrolls of identify.
  4799 | D:5      | 4799 ||| IDENTIFYING clear potion
  4820 | D:6      | 4820 ||| PLANNING OSSUARY
  4825 | D:6      | 4825 ||| Stepping ~*~*~tactically~*~*~ (hiding).
  4828 | D:6      | 4828 ||| Stepping ~*~*~tactically~*~*~ (hiding).
  4846 | D:6      | 4846 ||| Stepping ~*~*~tactically~*~*~ (stealth).
  4868 | D:6      | 4868 ||| INVOKING Heroism.
  4997 | D:6      | Noticed an animated plate armour
  4998 | D:6      | Found Epuschu's Armour Shop.
  4999 | D:6      | Noticed an animated pearl dragon scales
  5009 | D:6      | 5009 ||| BUYING +0 buckler "Doyl" {Will+} (222 gold).
  5009 | D:6      | Bought the +0 buckler "Doyl" {Will+} for 222 gold pieces
  5009 | D:6      | 5009 ||| SHOPLISTING +0 plate armour (299 gold, have 42).
  5009 | D:6      | 5009 ||| SHOPLISTING +0 robe of Qosk {+Inv rF+ rCorr Dex-5}
                  | (218 gold, have 42).
  5009 | D:6      | 5009 ||| SHOPLISTING +0 scale mail "Rixuzul" {Regen+ Int+3
                  | Dex-5 SInv} (143 gold, have 42).
  5009 | D:6      | 5009 ||| SHOPLISTING +1 kite shield of protection (214
                  | gold, have 42).
  5009 | D:6      | 5009 ||| SHOPLISTING +2 buckler of protection (279 gold,
                  | have 42).
  5009 | D:6      | 5009 ||| SHOPLISTING +4 scale mail of Lethargy {Dex+2
                  | Slay+3 Stlth+} (657 gold, have 42).
  5017 | D:6      | Found Biafih's Antique Weapon Shoppe.
  5028 | D:6      | 5028 ||| SHOPLISTING broad axe (92 gold, have 42).
  5073 | D:6      | Found Gihoess's Armour Boutique.
  5083 | D:6      | Reached ** piety under Okawaru
  5125 | D:6      | 5125 ||| INVOKING Heroism.
  5131 | D:6      | Reached skill level 8 in Axes
  5134 | D:6      | Reached skill level 6 in Fighting
  5198 | D:6      | 5198 ||| SHOPLISTING +0 helmet of intelligence (172 gold,
                  | have 53).
  5198 | D:6      | 5198 ||| SHOPLISTING +2 robe "Vihuo" {rC+ rCorr Archmagi}
                  | (664 gold, have 53).
  5198 | D:6      | 5198 ||| SHOPLISTING +4 ring mail "Fybobeukel" {Slay+3}
                  | (654 gold, have 53).
  5198 | D:6      | Found Aqykon's Antique Armour Boutique.
  5207 | D:6      | 5207 ||| SHOPLISTING cloak (99 gold, have 70).
  5207 | D:6      | 5207 ||| SHOPLISTING pair of embroidered boots (165 gold,
                  | have 70).
  5207 | D:6      | 5207 ||| SHOPLISTING runed kite shield (165 gold, have 70).
  5207 | D:6      | 5207 ||| SHOPLISTING runed plate armour (572 gold, have
                  | 70).
  5207 | D:6      | 5207 ||| SHOPLISTING runed scarf (176 gold, have 70).
  5207 | D:6      | 5207 ||| SHOPLISTING shiny scale mail (154 gold, have 70).
  5284 | D:6      | Found a sand-covered staircase.
  5293 | D:6      | Reached XP level 9. HP: 40/55 MP: 12/12
  5344 | D:6      | 5344 ||| UPGRADING to +0 chain mail.
  5354 | D:6      | 5354 ||| DROPPING +0 scale mail.
  5355 | D:6      | 5355 ||| UPGRADING to +0 buckler "Doyl" {Will+}.
  5365 | D:6      | 5365 ||| DROPPING +0 buckler.
  5366 | D:6      | 5366 ||| DRINKING 2 yellow potions.
  5367 | D:6      | 5367 ||| READING 2 scrolls of identify.
  5367 | D:6      | 5367 ||| IDENTIFYING smoky purple potion
  5368 | D:6      | 5368 ||| DROPPING potion of brilliance.
  5375 | Ossuary  | Entered an ossuary
  5554 | D:6      | 5554 ||| PLANNING D:1-11
  5572 | D:6      | 5572 ||| Stepping ~*~*~tactically~*~*~ (hiding).
  5797 | D:6      | 5797 ||| Stepping ~*~*~tactically~*~*~ (stealth).
  5799 | D:6      | 5799 ||| INVOKING Heroism.
  5811 | D:6      | Reached skill level 9 in Axes
  5914 | D:7      | 5914 ||| INVOKING Heroism.
  5966 | D:7      | 5966 ||| INVOKING Heroism.
  5988 | D:7      | 5988 ||| INVOKING Heroism.
  6120 | D:7      | 6120 ||| INVOKING Heroism.
  6215 | D:7      | 6215 ||| Stepping ~*~*~tactically~*~*~ (hiding).
  6216 | D:7      | 6216 ||| Stepping ~*~*~tactically~*~*~ (hiding).
  6218 | D:7      | 6218 ||| Stepping ~*~*~tactically~*~*~ (hiding).
  6219 | D:7      | 6219 ||| Stepping ~*~*~tactically~*~*~ (hiding).
  6226 | D:7      | 6226 ||| Stepping ~*~*~tactically~*~*~ (hiding).
  6229 | D:7      | 6229 ||| Stepping ~*~*~tactically~*~*~ (hiding).
  6242 | D:7      | 6242 ||| FLEEEEING.
  6243 | D:7      | 6243 ||| FLEEEEING.
  6244 | D:7      | 6244 ||| FLEEEEING.
  6245 | D:7      | 6245 ||| FLEEEEING.
  6246 | D:7      | 6246 ||| FLEEEEING.
  6247 | D:7      | 6247 ||| FLEEEEING.
  6248 | D:7      | 6248 ||| FLEEEEING.
  6478 | D:7      | Identified the +9 quarterstaff of the Vestibule of Hell
                  | {flame, *Rage rElec rN+++ Int-4}
  6691 | D:7      | 6691 ||| INVOKING Heroism.
  6895 | D:7      | 6895 ||| INVOKING Heroism.
  7237 | D:7      | 7237 ||| UPGRADING to +0 plate armour.
  7247 | D:7      | 7247 ||| DROPPING +0 chain mail.
  7248 | D:7      | 7248 ||| UPGRADING to ring of willpower.
  7250 | D:7      | 7250 ||| READING scroll labelled RIHOANL ICSOCW.
  7251 | D:7      | 7251 ||| DRINKING 2 glowing yellow potions.
  7251 | D:7      | Gained mutation: You possess an exceptional clarity of
                  | mind. [potion of mutation]
  7252 | D:7      | 7252 ||| READING 2 scrolls of identify.
  7252 | D:7      | 7252 ||| IDENTIFYING lumpy golden potion
  7286 | D:8      | 7286 ||| INVOKING Heroism.
  7397 | D:8      | 7397 ||| INVOKING Heroism.
  7419 | D:8      | Reached XP level 10. HP: 60/63 MP: 13/13
  7457 | D:8      | 7457 ||| INVOKING Heroism.
  7466 | D:8      | Reached skill level 6 in Armour
  7472 | D:8      | Reached skill level 10 in Axes
  7547 | D:8      | 7547 ||| DROPPING +0 morningstar.
  7852 | D:8      | 7852 ||| FLEEEEING.
  7853 | D:8      | 7853 ||| FLEEEEING.
  7854 | D:8      | 7854 ||| FLEEEEING.
  7855 | D:8      | 7855 ||| FLEEEEING.
  7856 | D:8      | 7856 ||| FLEEEEING.
  7857 | D:8      | 7857 ||| FLEEEEING.
  7858 | D:8      | 7858 ||| FLEEEEING.
  7859 | D:8      | 7859 ||| FLEEEEING.
  7860 | D:8      | 7860 ||| FLEEEEING.
  7882 | D:8      | 7882 ||| Stepping ~*~*~tactically~*~*~ (stealth).
  7885 | D:8      | 7885 ||| Stepping ~*~*~tactically~*~*~ (hiding).
  7908 | D:8      | 7908 ||| INVOKING Heroism.
  7910 | D:8      | 7910 ||| Stepping ~*~*~tactically~*~*~ (hiding).
  7931 | D:8      | 7931 ||| FLEEEEING.
  7932 | D:8      | 7932 ||| FLEEEEING.
  7981 | D:8      | Noticed a sixfirhy
  8002 | D:8      | Found a runed translucent door.
  8012 | D:8      | Noticed a tengu warrior
  8022 | D:8      | 8022 ||| INVOKING Heroism.
  8032 | D:8      | HP: 5/63 [tengu warrior/+3 long sword (11)]
  8033 | D:8      | 8033 ||| READING 2 scrolls of teleportation.
  8033 | D:8      | Mangled by a tengu warrior

Levels and vault maps discovered:
D:1:      lemuel_arrival_hallway, layout_basic
D:2:      layout_basic, basic_altar
D:3:      layout_basic, st_stairs_2, nrook_campfire
D:4:      layout_basic, minmay_temple_entry_junction_2
D:5:      layout_loops_ring
D:6:      layout_basic, gup_ossuary_entry_pyramid, serial_shops,
          nicolae_shop_mannequins, shop, shop, nicolae_shop_trees
D:7:      layout_loops_corners
D:8:      cheibrodos_shockbox, layout_gridville, special_room
          [special_room_orc], bh_walls_and_bars
Temple:   eino_temple_scatter_basement

Skill      XL: |  1  2  3  4  5  6  7  8  9 10 |
---------------+-------------------------------+-----
Axes           | 2 3 4 5 6 7 8 9 10 | 10.0
Fighting       | 4 6 7 |  7.5
Dodging        | 1 |  1.1
Throwing       | 1 2 |  2.0
Invocations    | 2 4 |  4.1
Armour         | 5 6 |  6.0
Shields        | 4 |  4.2

Action                     |  1- 3 |  4- 6 |  7- 9 | 10-12 || total
---------------------------+-------+-------+-------+-------++-------
  Melee: War axe           |    88 |   139 |   318 |    87 ||   632
  Throw: Boomerang         |    39 |    51 |     6 |    11 ||   107
         Javelin           |       |    14 |    44 |     4 ||    62
 Invoke: Heroism           |       |       |    12 |     3 ||    15
    Use: Scroll            |     5 |     3 |     5 |     1 ||    14
         Potion            |     1 |     3 |     2 |       ||     6
 Armour: Scale mail        |    32 |    68 |    76 |       ||   176
         Chain mail        |       |       |    97 |       ||    97
         Plate armour      |       |       |    21 |    89 ||   110
  Dodge: Dodged            |    44 |    52 |   149 |    60 ||   305
  Block: Buckler           |    20 |    23 |    70 |    22 ||   135

Table legend:
 A = Non-vault XP
 B = Vault XP
 C = Vault XP percentage of total XP
 D = Non-vault monster count
 E = Vault monster count
 F = Vault count percentage of total count
                 A         B        C        D         E       F
            +---------+---------+-------+---------+---------+-------
      Total |    4942 |     494 |   9.1 |     174 |      44 |  20.2
            +---------+---------+-------+---------+---------+-------
        D:1 |      54 |       0 |   0.0 |      32 |       0 |   0.0
        D:2 |      44 |       0 |   0.0 |      21 |       0 |   0.0
        D:3 |     132 |       2 |   1.5 |      19 |       2 |   9.5
        D:4 |     117 |       0 |   0.0 |      15 |       0 |   0.0
        D:5 |    1059 |       0 |   0.0 |      21 |       0 |   0.0
        D:6 |    1201 |      18 |   1.5 |      18 |       1 |   5.3
        D:7 |    1518 |       0 |   0.0 |      26 |       0 |   0.0
        D:8 |     817 |     243 |  22.9 |      22 |      25 |  53.2
    Ossuary |       0 |     231 | 100.0 |       0 |      16 | 100.0
            +---------+---------+-------+---------+---------+-------
